AoeStats
← KarleEgon

Black Forest

510567903Analyzed
4v4 RM · 2d ago on Oct 1, 2026· 41m 3s· 8 players
Game mode
Random Map
Map size
Large (8 player)
Population
200
Speed
Normal
Resources
Standard
Victory
Conquest
Starting age
Dark Age
Ending age
Imperial Age
RankedLock teamsTeams togetherTeam positionsShared explorationLock speedFull tech treeHidden civsTurbo modeCheats
Victory
Defeat
🇹🇼 Franks · Taiwan
1078
+15
🇹🇼 Poles · Taiwan
1071
+15
🇹🇼 Vietnamese · Taiwan
1021
+17
🇨🇳 Italians · China
958
+19
🇮🇳 Persians · India
1111
-19
🇺🇸 Danes · United States
1051
-17
🇻🇪 Vikings · Venezuela
1030
-16
🇩🇪 Bulgarians · Germany
980
-14
3345678
4:14 Loom
10:41 Feudal Age
13:05 Wheelbarrow
15:58 Castle Age
13:53 Double-Bit Axe
18:52 Bow Saw
21:44 Gold Mining
27:10 Hand Cart
27:50 Gold Shaft Mining
31:09 Imperial Age
28:25 Town Watch
28:53 Scale Barding Armor
28:58 Forging
28:53 Scale Barding Armor
28:58 Forging
28:53 Scale Barding Armor
28:45 Man-at-Arms
29:11 Gambesons
31:12 Chain Barding Armor
30:42 Fletching
30:52 Padded Archer Armor
30:55 Husbandry
30:16 Light Cavalry
31:31 Forging
31:45 Town Patrol
32:30 Plate Barding Armor
31:48 Stone Mining
31:31 Cavalier
32:17 Long Swordsman
34:09 Iron Casting
33:52 Paladin
35:11 Chivalry
35:36 Conscription
35:36 Caravan
40:59 Blast Furnace
90_Archer
0:33 Loom
6:32 Loom
22:08 Feudal Age
24:14 Wheelbarrow
25:46 Castle Age
23:36 Double-Bit Axe
23:35 Horse Collar
27:41 Wheelbarrow
28:51 Padded Archer Armor
32:19 Imperial Age
31:44 Ballistics
32:11 Thumb Ring
34:15 Chemistry
37:31 Gold Mining
39:27 Heavy Plow
QingTEA
5:00 Loom
11:11 Feudal Age
15:24 Castle Age
13:47 Double-Bit Axe
14:18 Horse Collar
16:27 Bow Saw
21:48 Wheelbarrow
23:02 Heavy Plow
24:11 Hand Cart
24:01 Gold Mining
24:04 Stone Mining
25:30 Gold Mining
29:56 Imperial Age
27:12 Town Watch
28:15 Treadmill Crane
28:49 Forging
29:31 Bloodlines
29:21 Husbandry
29:42 Scale Barding Armor
30:13 Szlachta Privileges
31:08 Crop Rotation
31:03 Conscription
30:06 Cavalier
30:07 Light Cavalry
32:37 Chemistry
33:02 Chain Barding Armor
33:18 Iron Casting
32:33 Fletching
33:09 Ballistics
35:14 Caravan
35:27 Winged Hussar
37:41 Blast Furnace
36:37 Bodkin Arrow
40:39 Lechitic Legacy
40:23 Bracer
40:24 Padded Archer Armor
迷人塑膠香
0:44 Loom
13:28 Feudal Age
19:17 Castle Age
20:56 Wheelbarrow
21:04 Double-Bit Axe
23:05 Bow Saw
23:19 Fletching
23:47 Crossbowman
25:43 Hand Cart
28:24 Horse Collar
28:44 Gold Mining
34:14 Thumb Ring
37:40 Imperial Age
37:31 Bodkin Arrow
37:36 Padded Archer Armor
38:26 Ballistics
38:18 Fortified Wall
38:13 Arbalester
40:42 Stone Mining
41:00 Siege Engineers
41:55 Chemistry
42:10 Two-Man Saw
41:14 Heavy Plow
MetalPigeon
5:37 Loom
12:12 Feudal Age
15:51 Wheelbarrow
19:47 Castle Age
18:28 Double-Bit Axe
18:26 Horse Collar
18:42 Gold Mining
29:06 Hand Cart
28:38 Town Watch
35:04 Imperial Age
33:14 Forging
33:04 Scale Mail Armor
33:18 Bow Saw
33:12 Heavy Plow
33:18 Caravan
33:19 Hamask
34:18 Fletching
35:59 Iron Casting
35:39 Chain Mail Armor
35:00 Elite Skirmisher
37:28 Blast Furnace
36:55 Murder Holes
38:08 Conscription
37:29 Elite Jomsviking
the King
0:28 Loom
17:58 Feudal Age
26:48 Castle Age
31:18 Fletching
31:29 Padded Archer Armor
32:37 Bodkin Arrow
36:57 Imperial Age
34:21 Man-at-Arms
35:04 Scale Mail Armor
35:14 Forging
35:05 Long Swordsman
36:11 Chain Mail Armor
35:38 Pikeman
KarleEgon
0:27 Loom
12:22 Feudal Age
13:06 Double-Bit Axe
16:51 Forging
20:06 Scale Mail Armor
23:17 Castle Age
24:22 Fletching
24:48 Chain Mail Armor
27:21 Bodkin Arrow
28:05 Iron Casting
29:12 Gambesons
29:29 Squires
32:11 Wheelbarrow
33:24 Pikeman
38:03 Hand Cart
Ghajini
10:20 Feudal Age
15:00 Castle Age
12:55 Horse Collar
14:24 Double-Bit Axe
22:01 Wheelbarrow
22:15 Bow Saw
24:05 Heavy Plow
24:45 Hand Cart
27:41 Imperial Age
25:30 Gold Mining
26:34 Forging
27:24 Bloodlines
27:43 Loom
27:25 Cavalier
28:13 Scale Barding Armor
27:45 Capped Ram
28:49 Savar
31:25 Chain Barding Armor
32:38 Plate Barding Armor
34:02 Iron Casting
33:49 Stone Mining
34:12 Caravan
36:10 Blast Furnace
38:19 Fletching
38:14 Heavy Camel Rider
Connection lost

Rejoining the realm…

Still unreachable

The connection could not be restored.

Session expired

The server has moved on; the page needs a fresh start.